 Dungeon Crawl Stone Soup version 0.30-a0-802-gb92711bcdf (webtiles) character file.

Game seed: 3454713292530308740

89 bjtr the Digger (level 4, -5/24 HPs)
             Began as a Gargoyle Earth Elementalist on Feb 25, 2023.
             Slain by a wight
             ... wielding a +1 dire flail
              (12 damage)
             ... on level 3 of the Dungeon.
             The game lasted 00:08:35 (2329 turns).

bjtr the Digger (Gargoyle Earth Elementalist)       Turns: 2329, Time: 00:08:36

Health: -5/24      AC:  7    Str: 17    XL:     4   Next: 55%
Magic:  1/7        EV: 16    Int: 18    God:
Gold:   168        SH:  0    Dex: 10    Spells: 2/8 levels left

rFire   . . .      SeeInvis .    o - +2 short sword (drain)
rCold   . . .      Faith    .    (no shield)
rNeg    + . .      Spirit   .    q - +0 leather armour
rPois   ∞          Reflect  .    j - +0 helmet
rElec   +          Harm     .    (no cloak)
rCorr   .          Rampage  .    (no gloves)
Will    .....                    (no boots)
Stlth   ++                       (no amulet)
HPRegen 0.24/turn                p - +6 ring of strength
MPRegen 0.10/turn                x - +5 ring of evasion

@: no status effects
A: sickness immunity, AC +3, negative energy resistance 1, electricity
resistance, torment resistance 1, petrification resistance
a: no special abilities


You were on level 3 of the Dungeon.
You visited 1 branch of the dungeon, and saw 6 of its levels.

You collected 168 gold pieces.

Inventory:

Hand Weapons
 c - a +0 club
 k - a +0 hand axe
 o - a +2 short sword of draining (weapon)
 r - a +2 short sword of venom
Missiles
 e - 8 poisoned darts (quivered)
 i - 3 curare-tipped darts
Armour
 a - a +0 robe
 j - a +0 helmet (worn)
 q - a +0 leather armour (worn)
Jewellery
 p - a +6 ring of strength (left hand)
 x - a +5 ring of evasion (right hand)
Scrolls
 d - 2 scrolls of identify {unknown}
 f - a scroll of enchant armour {unknown}
 g - a scroll of vulnerability {unknown}
 l - 2 scrolls of magic mapping {unknown}
 m - 2 scrolls of poison {unknown}
 s - a scroll of teleportation {unknown}
 t - a scroll of blinking {unknown}
 w - a scroll of noise {unknown}
Potions
 b - 2 potions of magic
 h - a potion of heal wounds {unknown}
 n - 2 potions of attraction {unknown}
 u - a potion of degeneration {unknown}
 v - a potion of brilliance {unknown}


   Skills:
 + Level 0.3 Fighting
 + Level 0.2 Armour
 - Level 1.5 Dodging
 + Level 2.6 Stealth
 + Level 2.5 Spellcasting
 - Level 0.7 Transmutations
 * Level 5.5 Earth Magic


You had 2 spell levels left.
You knew the following spells:

 Your Spells              Type           Power      Damage    Failure   Level
a - Sandblast             Erth           44%        2d11      1%          1
b - Passwall              Tmut/Erth      10%        N/A       9%          2
c - Stone Arrow           Conj/Erth      24%        3d8       21%         3

Your spell library contained the following spells:

 Spells                   Type           Power      Damage    Failure   Level
 Petrify                  Tmut/Erth      13%        N/A       50%         4
 Vhi's Electric Charge    Tloc/Air       4%         N/A       52%         3
 Arcjolt                  Conj/Air       1%         1d11      99%         5
 Maxwell's Capacitive Co  Air            1%         ∞         100%        8


Dungeon Overview and Level Annotations

Branches:
Dungeon (6/15)
 Temple: D:4-7

Altars:

Annotations:
D:5 Eustachio


Innate Abilities, Weirdness & Mutations

You are immune to sickness and miasma.
Your stone body is resilient. (AC +3)
You are immune to poison.
You resist negative energy. (rN+)
You are resistant to electric shocks. (rElec)
You are resistant to unholy torment.
You are immune to petrification.


Message History

Confirm with . or Enter, or press ? or * to list all spells.
Aiming: Sandblast (safe; 1% risk of failure)
Press: ? - help, Shift-Dir - straight line, f/p - orc
Aim: an orc, wielding a +0 short sword (83% to hit)
The blast of sand hits the orc!
You kill the orc!
The wight barely misses you.
Casting: Sandblast (safe; 1% risk of failure)
Confirm with . or Enter, or press ? or * to list all spells.
Aiming: Sandblast (safe; 1% risk of failure)
Press: ? - help, Shift-Dir - straight line, f - orc, p - orc
Aim: an orc, wielding a +0 whip and wearing a +0 leather armour (83% to hit)
The blast of sand hits the wight!
The wight is heavily damaged.
The wight hits you from afar with a +0 trident!
The wight barely misses you.
A wight comes into view. It is wielding a +0 mace.
The wight barely misses you. The wight completely misses you.
The wight barely misses you. The wight completely misses you.
Casting: Sandblast (safe; 1% risk of failure)
Confirm with . or Enter, or press ? or * to list all spells.
Aiming: Sandblast (safe; 1% risk of failure)
Press: ? - help, Shift-Dir - straight line, f/p - orc
Aim: an orc, wielding a +0 whip and wearing a +0 leather armour (83% to hit)
The blast of sand hits the wight but does no damage.
The wight is heavily damaged.
The wight barely misses you. The wight closely misses you.
The wight hits you from afar with a +2 spear of freezing.
The wight freezes you.
* * * LOW HITPOINT WARNING * * *
Casting: Sandblast (safe; 1% risk of failure)
Confirm with . or Enter, or press ? or * to list all spells.
Aiming: Sandblast (safe; 1% risk of failure)
Press: ? - help, Shift-Dir - straight line, f - wight
Aim: a wight, wielding a +1 dire flail and wearing a +0 robe (heavily damaged, 83% to hit)
The blast of sand hits the wight.
The wight is heavily damaged.
The wight hits you with a +1 dire flail!
Ouch! That really hurt!
You die...

....... ##.##.# #
[.... ####.# # .o.
#...# #)# #.###
#######.# #.#
#.......# #.#
#.#####.## #.#
.####..z#########.#
#
.........oz@.......#
#
#.####...###########
# ##.## # #.# # ..#
# #### # #


You could see 2 wights and an orc.

Vanquished Creatures
  4 adders (D:2)
  A worm (D:4)
  4 orcs
  A bat (D:2)
  6 endoplasms
  3 giant cockroaches (D:1)
  2 goblins
  2 hobgoblins
  5 quokkas
  4 ball pythons
  3 frilled lizards
  4 kobolds
  6 rats
45 creatures vanquished.

Notes
Turn   | Place    | Note
-------+----------+-------------------------------------------
     0 | D:1      | bjtr the Gargoyle Earth Elementalist began the quest for
                  | the Orb.
     0 | D:1      | Reached XP level 1. HP: 10/10 MP: 3/3
   271 | D:1      | Reached skill level 4 in Earth Magic
   317 | D:1      | Reached XP level 2. HP: 15/15 MP: 3/5
  1186 | D:2      | Reached XP level 3. HP: 19/19 MP: 1/6
  1257 | D:2      | Reached skill level 5 in Earth Magic
  1525 | D:2      | Reached XP level 4. HP: 24/24 MP: 5/7
  1934 | D:3      | You fall into a shaft and drop 3 floors!
  1983 | D:5      | Entered Level 5 of the Dungeon
  2012 | D:5      | Noticed Eustachio
  2245 | D:3      | Learned a level 2 spell: Passwall
  2249 | D:3      | Learned a level 3 spell: Stone Arrow
  2329 | D:3      | Slain by a wight

Illustrated notes

Levels and vault maps discovered:
D:1:      doesnt_arrival_eight_statues, layout_loops_corners, minmay_hedge_maze
D:2:      layout_loops_cross
D:3:      layout_loops_corners, grunt_temple_overflow_open
D:4:      layout_cave_pools, minivault_5
D:5:      layout_basic, minmay_diced_spiral, uniq_eustachio
D:6:      layout_gridville, temple_fountains, uniq_pikel

Skill      XL: |  1  2  3 |
---------------+----------+-----
Earth Magic    | 4 5 |  5.5
Fighting       | |  0.3
Armour         | |  0.2
Dodging        | |  1.5
Stealth        | |  2.6
Spellcasting   | |  2.5
Transmutations | |  0.7

Action                     |  1- 3 |  4- 6 || total
---------------------------+-------+-------++-------
  Melee: Club              |     5 |       ||     5
         Short sword       |    12 |     7 ||    19
  Throw: Dart              |     1 |       ||     1
   Cast: Sandblast         |    45 |    25 ||    70
   Stab: Sleeping          |       |     1 ||     1
 Armour: Robe              |    10 |       ||    10
         Leather armour    |     2 |    12 ||    14
  Dodge: Dodged            |    29 |    19 ||    48

Table legend: (Time is in decaauts)
 A = Elapsed time spent in this place.
 B = Non-inter-level travel time spent in this place.
 C = Inter-level travel time spent in this place.
 D = Time resting spent in this place.
 E = Time spent auto-exploring this place.
 F = Levels seen in this place.
 G = Mean time per level.
                   A        B        C        D        E       F      G
               +--------+--------+--------+--------+--------+-----+--------+
         Total |   2361 |   2323 |     38 |    191 |   1647 |   6 |  393.5 |
       Dungeon |   2361 |   2323 |     38 |    191 |   1647 |   6 |  393.5 |
               +--------+--------+--------+--------+--------+-----+--------+

Top non-repeatable levels by time:
     D:1: 1194 daAuts
     D:2: 700 daAuts
     D:3: 317 daAuts
     D:4: 66 daAuts
     D:6: 49 daAuts
     D:5: 32 daAuts
